 Dungeon Crawl Stone Soup version 0.26.1 (webtiles) character file.

Game seed: 6767626342262805259

903 swilekon the Chiller (level 7, -13/36 HPs)
             Began as a Deep Elf Ice Elementalist on Feb 7, 2021.
             Was an Initiate of Makhleb.
             Mangled by an ogre
             ... wielding a +0 giant club
              (22 damage)
             ... on level 5 of the Dungeon.
             The game lasted 00:16:26 (5136 turns).

swilekon the Chiller (Deep Elf Ice Elementalist)    Turns: 5136, Time: 00:16:27

Health: -13/36     AC:  3    Str: 11    XL:     7   Next: 80%
Magic:  11/17      EV: 15    Int: 22    God:    Makhleb [......]
Gold:   353        SH:  0    Dex: 15    Spells: 9/17 levels left

rFire    . . .     SeeInvis .   e - +0 dagger
rCold    . . .     Faith    .   (no shield)
rNeg     . . .     Spirit   .   a - +0 robe
rPois    .         Reflect  .   o - +1 hat
rElec    .         Harm     .   (no cloak)
rCorr    .         Rampage  .   (no gloves)
Will     .....     Rnd*Tele +   (no boots)
Stlth    +++.......             (no amulet)
HPRegen  0.12/turn              l - +6 ring of strength
MPRegen  0.15/turn              r - ring of teleportation

@: no status effects
A: no striking features
a: Renounce Religion


You were on level 5 of the Dungeon.
You worshipped Makhleb.
Makhleb was noncommittal.
You visited 1 branch of the dungeon, and saw 5 of its levels.

You collected 353 gold pieces.

Inventory:

Hand Weapons
 e - a +0 dagger (weapon)
Armour
 a - a +0 robe (worn)
 o - a +1 hat (worn)
Jewellery
 l - a +6 ring of strength (left hand)
 r - a ring of teleportation (right hand)
Wands
 p - a wand of enslavement (15)
Scrolls
 c - 6 scrolls of teleportation
 d - 3 scrolls of amnesia
 f - a scroll of identify
 h - a scroll of fear
Potions
 b - 3 potions of magic
 g - 4 potions of curing
 i - 2 potions of attraction {unknown}
 j - 2 potions of flight
 k - 2 potions of mutation {unknown}
 m - a potion of might {unknown}


   Skills:
 + Level 5.0 Dodging
 + Level 5.6 Stealth
 + Level 5.6 Spellcasting
 + Level 2.8 Conjurations
 * Level 7.3 Ice Magic


You had 9 spell levels left.
You knew the following spells:

 Your Spells              Type           Power        Failure   Level
a - Freeze                Ice            100%         1%          1
b - Frozen Ramparts       Ice            76%          1%          3
c - Hailstorm             Conj/Ice       28%          12%         4

Your spell library contained the following spells:

 Spells                   Type           Power        Failure   Level
 Ozocubu's Armour         Ice            38%          1%          3
 Summon Ice Beast         Ice/Summ       22%          22%         4


Dungeon Overview and Level Annotations

Branches:
Dungeon (5/15)
 Temple: D:4-7

Altars:
Makhleb
Qazlal
Trog
Yredelemnul


Message History

A worker ant comes into view.
A jackal comes into view.
The phantom blinks!
A jackal comes into view.
As you read the scroll of teleportation, it crumbles to dust.
You feel strangely unstable. The ogre closely misses you.
The phantom blinks!
The gnoll hits you with a +0 spear. The gnoll hits you but does no damage.
Your surroundings seem slightly different.
The worker ant misses you. The gnoll misses you.
The ogre hits you with a +0 giant club! The worker ant closely misses you.
Unknown command.
The gnoll barely misses you. The gnoll closely misses you.
The worker ant bites you.
* * * LOW HITPOINT WARNING * * *
The worker ant closely misses you. The gnoll barely misses you.
The ogre hits you with a +0 giant club!!
Ouch! That really hurt!
You die...

#......#)#g.#..............
#.....[#.#................#
#......#.##.#.#####.......#
#.......#.##.#.# #.......#
#.#####......#.# #.......#
#.####.# #.##..... #.# #.#
#.##..... #.####.#
#.##..).. #@O..# #.##.....
#Bg..# #.##.....
#W...#####.######.
#.......##.# ##
#..........# #.h.......
#.##...... #.# ....## #.#
....#


You could see a phantom, an ogre, a worker ant, a gnoll and a jackal
(wandering).

Vanquished Creatures
  Pikel (D:4)
  An ogre (D:2)
  A lemure (D:5)
  A scorpion (D:4)
  An orc priest (D:4)
  2 iguanas (D:4)
  2 orc wizards
  3 gnolls (D:5)
  5 adders
  2 worms
  A dart slug (D:3)
  3 leopard geckos
  13 orcs
  A ball python (D:1)
  3 bats
  4 giant cockroaches
  5 goblins
  6 hobgoblins
  4 jackals
  11 kobolds
  2 quokkas
  A frilled lizard (D:2)
  A quokka skeleton (D:4)
  A quokka zombie (D:5)
  3 rats
  A spectral orc (D:4)
79 creatures vanquished.

Notes
Turn   | Place    | Note
-------+----------+-------------------------------------------
     0 | D:1      | swilekon the Deep Elf Ice Elementalist began the quest for
                  | the Orb.
     0 | D:1      | Reached XP level 1. HP: 10/10 MP: 6/6
   333 | D:1      | Reached XP level 2. HP: 15/15 MP: 8/8
  1112 | D:2      | Reached XP level 3. HP: 19/19 MP: 9/9
  1120 | D:2      | Learned a level 3 spell: Frozen Ramparts
  1221 | D:2      | Reached skill level 5 in Ice Magic
  1409 | D:2      | Found a stormy altar of Qazlal.
  1577 | D:2      | Reached XP level 4. HP: 24/24 MP: 8/11
  1999 | D:2      | Noticed an ogre
  2009 | D:2      | Killed an ogre
  2010 | D:2      | Reached XP level 5. HP: 28/28 MP: 6/13
  2100 | D:2      | Learned a level 4 spell: Hailstorm
  3222 | D:3      | Found a burning altar of Makhleb.
  3286 | D:4      | Reached skill level 1 in Conjurations
  3286 | D:4      | Reached skill level 6 in Ice Magic
  3416 | D:4      | Reached XP level 6. HP: 31/32 MP: 8/14
  3675 | D:4      | Found a basalt altar of Yredelemnul.
  4248 | D:5      | Entered Level 5 of the Dungeon
  4251 | D:5      | Noticed Pikel
  4272 | D:4      | Killed Pikel
  4273 | D:4      | Reached skill level 5 in Stealth
  4273 | D:4      | Reached skill level 5 in Spellcasting
  4273 | D:4      | Reached skill level 7 in Ice Magic
  4273 | D:4      | Reached XP level 7. HP: 36/36 MP: 3/17
  4716 | D:3      | Became a worshipper of Makhleb the Destroyer
  4828 | D:5      | Reached skill level 5 in Dodging
  5026 | D:5      | Found a bloodstained altar of Trog.
  5136 | D:5      | Mangled by an ogre

Illustrated notes

Levels and vault maps discovered:
D:1:      dpeg_arrival_orchard, layout_basic, grunt_decor_fettered
D:2:      layout_basic, nicolae_overflow_crystal_walls
D:3:      layout_rooms, nicolae_overflow_hidden_temple
D:4:      layout_basic, yredelemnul_forgotten_temple_becter,
          doesnt_xom_only_xom, kennysheep_boxes
D:5:      layout_basic, kennysheep_mini, enter_ossuary_5, uniq_pikel

Skill      XL: |  1  2  3  4  5  6  7 |
---------------+----------------------+-----
Dodging        | 3 4 5 |  5.0
Stealth        | 3 4 5 |  5.6
Ice Magic      | 5 6 7 |  7.3
Spellcasting   | 4 5 |  5.6
Conjurations   | 1 2 |  2.8

Action                   |  1- 3 |  4- 6 |  7- 9 || total
-------------------------+-------+-------+-------++-------
Melee: Dagger            |     3 |     4 |    11 ||    18
 Cast: Freeze            |    28 |    39 |    18 ||    85
       Frozen Ramparts   |     7 |    27 |    10 ||    44
       Hailstorm         |       |     4 |       ||     4
  Use: Scroll            |       |    10 |     1 ||    11
       Potion            |       |     2 |     1 ||     3
 Stab: Sleeping          |     2 |     1 |     1 ||     4
Armor: Robe              |     1 |     2 |     2 ||     5
       Skin              |       |     3 |       ||     3
Dodge: Dodged            |    10 |    23 |    19 ||    52
